 Dungeon Crawl Stone Soup version 0.14-a0-1811-gdc2d5af (webtiles) character file.

60813 zammy the Corrupter of Planes (level 14, -5/148 HPs)
             Began as a Lava Orc Abyssal Knight on Jan 8, 2014.
             Was the Champion of Lugonu.
             Slain by a glowing elven long sword (9 damage)
             ... on Level 14 of the Dungeon.
             The game lasted 01:54:29 (26909 turns).

zammy the Corrupter of Planes (LOAK)               Turns: 26909, Time: 01:54:30

HP  -5/148       AC 21     Str 20      XL: 14   Next: 55%
MP  31/31        EV  6     Int 12      God: Lugonu [******]
Gold 720         SH 12     Dex 10      Spells:  0 memorised, 13 levels left

rFire  + + .     SeeInvis +     V - +2,+3 broad axe (venom)
rCold  . . .     Clarity  +     H - +1 orc plate armour
rNeg   . . .     Conserve .     A - +1 dwarf buckler
rPois  +         rCorr    .     x - +0 helmet of Decompression {rPois}
rElec  .         rRot     .     C - +0 cloak
SustAb . .       Spirit   .     (no gloves)
rMut   .         Warding  .     (no boots)
Saprov + . .     Stasis   .     F - amulet of clarity
                                K - ring of ice
                                y - ring of see invisible

@: somewhat resistant to hostile enchantments, extremely unstealthy
A: conserve scrolls, robust 1, saprovore 1
a: Depart the Abyss, Bend Space, Banish, Corrupt, Enter the Abyss, Renounce
Religion


You were on level 14 of the Dungeon.
You worshipped Lugonu.
Lugonu was exalted by your worship.
You were not hungry.

You visited 2 branches of the dungeon, and saw 22 of its levels.
You visited the Abyss 1 time.
You also visited: Ossuary and Volcano.

You collected 957 gold pieces.
You spent 237 gold pieces at shops.

Inventory:

Hand weapons
 M - a +0,+0 broad axe
 V - a +2,+3 broad axe of venom (weapon)
Missiles
 g - 4 throwing nets (quivered)
Armour
 e - the +3 ring mail "Etzaipp" {+Blink +Fly}
   (You found it on level 11 of the Dungeon)

   It lets you fly.
   It lets you blink.
 x - the +0 helmet of Decompression (worn) {rPois}
   (You acquired it on level 5 of the Lair of Beasts)

   It protects you from poison.
 A - a +1 dwarven buckler (worn)
 C - a +0 cloak (worn)
 H - a +1 orcish plate armour (worn)
Magical devices
 a - a wand of draining (5)
 d - a wand of digging (7) {unknown}
 j - a wand of flame (23)
 p - a wand of magic darts (3)
 r - a wand of slowing (11)
 N - a wand of draining (6)
 P - a wand of slowing (16)
 T - a wand of frost (9)
 W - a wand of draining (3)
Comestibles
 c - 3 meat rations
 o - 6 bread rations
 w - 2 royal jellies
 D - 5 honeycombs
 G - an apple
 L - 2 rotting chunks of giant frog flesh
Scrolls
 f - 5 scrolls of teleportation
 h - 2 scrolls of magic mapping
 i - a scroll of fog
 k - 2 scrolls of fear
 l - 2 scrolls of amnesia
 n - a scroll of enchant armour
 u - 7 scrolls of remove curse
 v - a scroll of silence
 z - 2 scrolls of identify
 I - 3 scrolls of blinking
Jewellery
 y - a ring of see invisible (left hand)
 F - an amulet of clarity (around neck)
 J - an uncursed ring of magical power
 K - a ring of ice (right hand)
Potions
 b - a potion of magic
 q - a potion of berserk rage
 s - a potion of restore abilities
 t - 3 potions of might
 B - 6 potions of curing
 E - 3 potions of speed
Books
 m - a book of War Chants

   Spells                             Type                      Level
   Fire Brand                         Charms/Fire                  2
   Freezing Aura                      Charms/Ice                   2
   Shroud of Golubria                 Charms/Translocation         2
   Repel Missiles                     Charms/Air                   2
   Poison Weapon                      Charms/Poison                3
   Regeneration                       Charms/Necromancy            3


   Skills:
 + Level 15.0 Fighting
 + Level 14.6 Axes
 + Level 13.7 Armour
 - Level 0.7 Dodging
 + Level 6.8 Shields
 + Level 15.7 Invocations


You had 13 spell levels left.
You didn't know any spells.

Dungeon Overview and Level Annotations

Branches:
Dungeon (14/16)            Temple (0/1) D:7             Orc (0/4) D:10
   Lair (8/8) D:10         Shoals (0/5) Lair:3       Spider (0/5) Lair:3
  Slime (0/6) Lair:7
 Vaults: D:14-15

Altars:
Ashenzari
Nemelex Xobeh
Sif Muna
Vehumet
Xom

Shops:
D:7 :   D:10 *   D:12 *   D:13 (*

Annotations:
Abyss:1 Dowan, Duvessa, Erica, Maurice, Nessos, Pikel, Sigmund


Innate Abilities, Weirdness & Mutations

You have stony skin.
Your flesh is almost immune to the effects of heat.
Your fire spells are more powerful.
Your flesh is vulnerable to cold.
Your heat harms attackers.
You bathe your surroundings in blazing heat.
You are too hot to use scrolls.
You are very good at protecting items from fire.
You can tolerate rotten meat.
You are robust (+10% HP).


Message History

You completely miss the big kobold.
The big kobold is almost dead.
You miss the glowing elven long sword.
The glowing elven long sword is moderately damaged.
You kill the big kobold!
Lugonu accepts your kill. The glowing elven long sword hits you!
* * * LOW HITPOINT WARNING * * *
The glowing elven long sword appears unharmed.
The kobold is burned by your radiant heat.
You kill the kobold!
Lugonu accepts your kill.
The kobold is burned by your radiant heat.
You kill the kobold!
Lugonu accepts your kill.
The kobold is burned by your radiant heat.
You kill the kobold!
Lugonu accepts your kill. The glowing elven long sword hits you!
You die...

[ #... ...
... .. #.
#.## #%)#
########@#
.....%.)(#
...).....#
..#
.........#
#.#
..........#
#.#
...#.#...#
#.# .
#.##..# #.#
# #...# #.#
## ..
#.##..#
#.##.#


You could see a glowing elven long sword.

Vanquished Creatures
  Gastronok (Lair:3)
  Fannar (Lair:5)
  A dancing weapon (D:14)
  18 death yaks
  3 catoblepae (Lair:8)
  Erolcha (D:11)
  An unseen horror (D:12)
  A lindwurm (Volcano)
  A hill giant (D:12)
  A griffon (D:13)
  7 spiny frogs
  A queen ant (Lair:7)
  The ghost of lorenz the Poker, an experienced MfNe of Okawaru (Ossuary)
  4 black mambas
  7 komodo dragons
  4 fire drakes
  Grinder (D:4)
  A queen bee (D:12)
  A two-headed ogre (D:9)
  Prince Ribbit (D:6)
  19 blink frogs
  A grizzly bear (Lair:7)
  A wyvern (D:11)
  4 trapdoor spiders (Lair:3)
  A basilisk (Lair:8)
  2 hungry ghosts (D:12)
  2 toenail golems (Volcano)
  48 yaks
  2 elephant slugs
  8 sharks
  Grum (D:10)
  8 hippogriffs
  8 wolves
  3 manticores
  5 soldier ants (Lair:7)
  Edmund (D:8)
  2 vampire mosquitoes (D:13)
  2 molten gargoyles (Volcano)
  8 porcupines
  4 giant goldfish
  A black bear (D:6)
  4 orc warriors
  6 ogres
  3 slaves (D:6)
  An ice beast (D:14)
  2 sky beasts (D:7)
  4 centaurs
  10 crocodiles
  3 wargs (D:10)
  2 boring beetles
  10 giant slugs
  A komodo dragon zombie (D:14)
  2 big kobolds
  15 giant frogs
  Blork the orc (D:7)
  7 agate snails
  A cyclops zombie (D:14)
  12 water moccasins
  A troll zombie (D:11)
  A yak zombie (D:12)
  8 wights
  An electric eel (Lair:8)
  A yak skeleton (D:9)
  33 killer bees
  4 jellyfish
  A giant frog zombie (D:8)
  4 goliath beetles
  2 human zombies (Ossuary)
  6 crimson imps
  2 centaur zombies (Ossuary)
  A jelly (D:5)
  6 big fish
  A quasit (D:8)
  2 centaur skeletons (D:8)
  3 hounds
  2 giant frog skeletons
  9 iguanas
  9 orc wizards
  A scorpion (Lair:4)
  4 orange rats (Lair:8)
  5 orc priests
  A basilisk skeleton (D:13)
  38 worker ants
  16 sheep
  A big kobold zombie (Ossuary)
  A killer bee zombie (D:6)
  A mottled dragon zombie (D:8)
  Jessica (D:2)
  An ogre zombie (D:11)
  2 hound zombies (Ossuary)
  4 mummies
  An ogre skeleton (D:4)
  2 hound skeletons
  Terence (D:2)
  2 gnolls (D:3)
  3 giant centipedes
  64 green rats
  16 adders
  A giant mite (D:3)
  An inept feature mimic (D:6)
  An inept item mimic (D:2)
  11 worms
  2 adder zombies
  An iguana skeleton (D:9)
  2 grey rats (Lair:3)
  A giant eyeball (D:7)
  12 giant geckos
  2 oozes (D:2)
  31 orcs
  34 bats
  A bat zombie (D:7)
  3 giant cockroaches
  4 gnoll zombies
  16 goblins
  12 hobgoblins
  14 jackals
  25 kobolds
  12 quokkas
  4 ball pythons
  6 giant newts
  5 goblin zombies
  2 hobgoblin skeletons (D:4)
  4 hobgoblin zombies (Ossuary)
  7 jackal zombies (Ossuary)
  5 kobold zombies
  4 quokka zombies
  19 rats
  A rat skeleton (D:6)
  2 rat zombies
  10 ballistomycetes
  2 fungi
  5 plants
796 creatures vanquished.

Vanquished Creatures (others)
  6 hydras
  A catoblepas (Lair:8)
  A hill giant (D:7)
  A komodo dragon (D:9)
  A blink frog (Lair:1)
  2 ice beasts
  An ogre (D:6)
  3 wights (D:6)
  2 electric eels (Lair:8)
  An orc priest (D:10)
  A gnoll (D:3)
  2 giant spores
  A rat (D:7)
  A ballistomycete (D:7)
  A butterfly (D:8)
  13 fungi
  2 plants
40 creatures vanquished.

Grand Total: 836 creatures vanquished

Notes
Turn   | Place    | Note
--------------------------------------------------------------
     0 | Abyss:1  | zammy, the Lava Orc Abyssal Knight, began the quest for the Orb.
     0 | Abyss:1  | Reached XP level 1. HP: 19/19 MP: 1/1
    18 | D:1      | Escaped the Abyss
   293 | D:1      | Reached XP level 2. HP: 25/27 MP: 2/2
   327 | D:1      | Reached skill level 4 in Fighting
   714 | D:2      | Acquired Lugonu's second power
   827 | D:2      | Reached XP level 3. HP: 33/33 MP: 4/4
   833 | D:2      | Found a shimmering altar of Xom.
   833 | D:2      | Found a shimmering altar of Xom.
   833 | D:2      | Found a shimmering altar of Xom.
   921 | D:2      | Found a sparkling altar of Nemelex Xobeh.
   943 | D:2      | Noticed Terence
   959 | D:2      | Killed Terence
  1003 | D:2      | Noticed Jessica
  1014 | D:2      | Killed Jessica
  1014 | D:2      | Reached XP level 4. HP: 27/41 MP: 6/6
  1078 | D:2      | Found a deep blue altar of Sif Muna.
  1078 | D:2      | Found a radiant altar of Vehumet.
  1493 | D:3      | Acquired Lugonu's third power
  1524 | D:3      | Reached XP level 5. HP: 33/47 MP: 8/8
  1825 | D:3      | Noticed a giant frog
  1830 | D:3      | Killed a giant frog
  1830 | D:3      | Reached skill level 5 in Fighting
  2005 | D:3      | Reached XP level 6. HP: 53/56 MP: 10/10
  2091 | D:3      | Acquired Lugonu's fourth power
  2490 | D:4      | Reached skill level 5 in Axes
  2836 | D:4      | Reached skill level 5 in Invocations
  2856 | D:4      | Found a shattered altar of Ashenzari.
  2877 | D:4      | Noticed Grinder
  2892 | D:4      | Killed Grinder
  2892 | D:4      | Reached XP level 7. HP: 39/62 MP: 12/14
  2992 | D:4      | Reached skill level 6 in Fighting
  3382 | D:5      | Entered Level 5 of the Dungeon
  3547 | D:5      | Reached skill level 5 in Armour
  3691 | D:5      | Acquired Lugonu's fifth power
  4081 | D:6      | Reached XP level 8. HP: 61/71 MP: 17/17
  4488 | D:6      | HP: 2/71 [wight/wand of cold (20)]
  4489 | D:6      | Reached skill level 7 in Fighting
  4723 | D:6      | Noticed Sigmund
  4724 | D:6      | Banished Sigmund
  4787 | D:6      | Noticed Pikel
  4846 | D:6      | Banished Pikel
  5206 | D:6      | Reached XP level 9. HP: 81/81 MP: 20/20
  5255 | D:6      | Noticed Prince Ribbit
  5573 | D:6      | Killed Prince Ribbit
  5573 | D:6      | Reached skill level 8 in Fighting
  5891 | D:7      | Found Qudaobut's Book Boutique.
  6041 | D:7      | Noticed a hill giant
  6053 | D:7      | HP: 3/82 [hill giant/giant spiked club (32)]
  6054 | D:7      | Banished a hill giant
  6419 | D:7      | Paralysed by a giant eyeball for 3 turns
  6600 | D:7      | Reached skill level 9 in Invocations
  6633 | D:7      | Found a staircase to the Ecumenical Temple.
  7030 | D:7      | Noticed Blork the orc
  7042 | D:7      | Killed Blork the orc
  7284 | D:8      | Noticed Edmund
  7304 | D:8      | Killed Edmund
  7304 | D:8      | Reached XP level 10. HP: 74/91 MP: 23/23
  7308 | D:8      | Gained mutation: Your flesh is heat resistant. [potion of mutation]
  7308 | D:8      | Gained mutation: You are robust (+10% HP). [potion of mutation]
  7308 | D:8      | Gained mutation: You possess an exceptional clarity of mind. [potion of mutation]
  7319 | D:8      | Noticed Dowan
  7320 | D:8      | Noticed Duvessa
  7326 | D:8      | Banished Dowan
  7330 | D:8      | Banished Duvessa
  7383 | D:8      | Noticed Maurice
  7389 | D:8      | Banished Maurice
  7489 | D:8      | Found a sand-covered staircase.
  7506 | Ossuary  | Entered an ossuary
  7544 | Ossuary  | Noticed lorenz's ghost (experienced MfNe)
  7571 | Ossuary  | Killed lorenz's ghost
  7980 | Ossuary  | Lost mutation: You are robust (+10% HP). [potion of cure mutation]
  7980 | Ossuary  | Lost mutation: You possess an exceptional clarity of mind. [potion of cure mutation]
  7980 | Ossuary  | Lost mutation: Your flesh is heat resistant. [potion of cure mutation]
  8028 | D:8      | Gained mutation: You are resistant to hostile enchantments. [potion of mutation]
  8028 | D:8      | Gained mutation: Your body is slowly deteriorating. [potion of mutation]
  8028 | D:8      | Gained mutation: You are partially covered in icy blue scales (AC +1). [potion of mutation]
  8103 | D:8      | Reached skill level 10 in Invocations
  8592 | D:9      | Reached skill level 10 in Fighting
  8970 | D:9      | HP: 1/93 [komodo dragon (14)]
  9627 | D:9      | Lost mutation: Your body is slowly deteriorating. [potion of cure mutation]
  9627 | D:9      | Lost mutation: You are partially covered in icy blue scales (AC +1). [potion of cure mutation]
  9627 | D:9      | Lost mutation: You are resistant to hostile enchantments. [potion of cure mutation]
 10128 | D:10     | Entered Level 10 of the Dungeon
 10140 | D:10     | Found a staircase to the Orcish Mines.
 10249 | D:10     | Reached skill level 10 in Axes
 10260 | D:10     | Reached skill level 11 in Invocations
 10437 | D:10     | Found a staircase to the Lair.
 10520 | D:10     | Noticed Grum
 10535 | D:10     | Killed Grum
 10538 | D:10     | Reached XP level 11. HP: 55/101 MP: 25/25
 10820 | D:10     | Found Twuofaif's Assorted Antiques.
 10826 | D:10     | Bought a potion of heal wounds for 87 gold pieces
 10944 | Lair:1   | Entered Level 1 of the Lair of Beasts
 10986 | Lair:1   | Reached skill level 10 in Armour
 12450 | Lair:1   | Noticed an eight-headed hydra
 12451 | Lair:1   | Banished an eight-headed hydra
 12723 | Lair:2   | Found a dark tunnel.
 12731 | Volcano  | Entered a volcano
 12767 | Volcano  | Noticed a lindwurm
 12801 | Volcano  | Killed a lindwurm
 13102 | Lair:2   | Reached skill level 12 in Invocations
 13290 | Lair:2   | Noticed a six-headed hydra
 13291 | Lair:2   | Banished a six-headed hydra
 13850 | Lair:3   | Found a staircase to the Shoals.
 14137 | Lair:3   | Noticed Gastronok
 14160 | Lair:3   | Killed Gastronok
 14160 | Lair:3   | Reached XP level 12. HP: 36/112 MP: 28/28
 14613 | Lair:3   | Found a hole to the Spider Nest.
 15175 | Lair:3   | Reached skill level 13 in Invocations
 16207 | Lair:4   | Noticed a five-headed hydra
 16208 | Lair:4   | Banished a five-headed hydra
 16707 | Lair:4   | Got a polished ring mail
 16732 | Lair:4   | Identified the +3 ring mail of Kheomy {SInv} (You found it on level 4 of the Lair of Beasts)
 16775 | Lair:4   | Noticed a six-headed hydra
 16776 | Lair:4   | Banished a six-headed hydra
 17987 | Lair:5   | Identified a scroll of acquirement
 17988 | Lair:5   | Got a slimy helmet
 17992 | Lair:5   | Identified the +0 helmet of Decompression {rPois} (You acquired it on level 5 of the Lair of Beasts)
 18373 | Lair:5   | Noticed a four-headed hydra
 18375 | Lair:5   | Banished a four-headed hydra
 18403 | Lair:5   | Reached XP level 13. HP: 103/122 MP: 29/29
 18425 | Lair:5   | Gained mutation: You have a pair of small antennae on your head. [potion of mutation]
 18425 | Lair:5   | Gained mutation: Space occasionally distorts in your vicinity. [potion of mutation]
 18425 | Lair:5   | Gained mutation: You are clumsy. (Dex -2) [potion of mutation]
 18426 | Lair:5   | Lost mutation: You have a pair of small antennae on your head. [potion of cure mutation]
 18426 | Lair:5   | Lost mutation: You are clumsy. (Dex -2) [potion of cure mutation]
 18426 | Lair:5   | Lost mutation: Space occasionally distorts in your vicinity. [potion of cure mutation]
 18427 | Lair:5   | Gained mutation: You are robust (+10% HP). [potion of beneficial mutation]
 18434 | Lair:5   | Reached skill level 1 in Shields
 18480 | Lair:5   | Noticed Erica
 18484 | Lair:5   | Banished Erica
 18620 | Lair:5   | Noticed Fannar
 18626 | Lair:5   | Reached skill level 14 in Invocations
 18634 | Lair:5   | Killed Fannar
 20553 | Lair:7   | Found a staircase to the Slime Pits.
 20822 | Lair:8   | Entered Level 8 of the Lair of Beasts
 22399 | Lair:8   | Reached skill level 5 in Shields
 22513 | Lair:8   | Reached skill level 15 in Invocations
 23229 | Lair:7   | Reached XP level 14. HP: 94/146 MP: 31/31
 24934 | Lair:8   | Identified a +4 rod of striking (9/9) (You found it on level 8 of the Lair of Beasts)
 25394 | D:11     | Got a dazzling ring mail
 25412 | D:11     | Identified the cursed +3 ring mail "Etzaipp" {+Blink +Fly} (You found it on level 11 of the Dungeon)
 25447 | D:11     | Noticed Erolcha
 25482 | D:11     | Killed Erolcha
 25507 | D:11     | Noticed Nessos
 25508 | D:11     | Banished Nessos
 26062 | D:12     | Found Taackip's Demolitions Depot.
 26621 | D:13     | Found Ynlion's Assorted Antiques.
 26778 | D:13     | Found Grihif's Antique Weapon Emporium.
 26784 | D:13     | Bought a broad axe for 150 gold pieces
 26890 | D:14     | Reached skill level 15 in Fighting
 26908 | D:14     | HP: 4/148 [glowing elven long sword (13)]
 26909 | D:14     | Slain by a glowing elven long sword

Action                   |  1- 3 |  4- 6 |  7- 9 | 10-12 | 13-15 || total
-------------------------+-------+-------+-------+-------+-------++-------
Melee: Hand axe          |    95 |   237 |    31 |       |       ||   363
       War axe           |       |       |   430 |  1215 |   766 ||  2411
       Broad axe         |       |       |       |       |   324 ||   324
Invok: Banish            |       |     2 |     8 |    19 |     8 ||    37
Evoke: Wand              |       |       |       |     9 |     2 ||    11
  Use: Potion            |       |     1 |       |    15 |     5 ||    21
       Scroll            |       |       |       |    33 |     7 ||    40
